 Dungeon Crawl Stone Soup version 0.17.1-3-g152610e (webtiles) character file.

888 inmateoo the Grappler (level 7, -5/59 HPs)
             Began as a Troll Summoner on Apr 27, 2016.
             Slain by a gnoll
             ... wielding a +0 whip of draining
              (6 damage)
             ... on level 8 of the Dungeon.
             The game lasted 00:04:44 (2910 turns).

inmateoo the Grappler (Troll Summoner)              Turns: 2910, Time: 00:04:44

Health: -5/59      AC:  6    Str: 19    XL:     7   Next: 77%
Magic:  7/7        EV: 14    Int: 11    God:
Gold:   219        SH:  0    Dex: 15    Spells: 1 memorised, 7 levels left

rFire  . . .     SeeInvis .       - Unarmed
rCold  . . .     Clarity  .     a - +0 robe
rNeg   . . .     SustAt   .     (no shield)
rPois  .         Gourm    +     (helmet restricted)
rElec  .         Spirit   .     r - +0 cloak
rCorr  .         Warding  .     (gloves unavailable)
rMut   .         Stasis   .     (boots unavailable)
MR     .....                    (no amulet)
Stlth  +++.......               (no ring)
                                (no ring)

@: agile, lethally poisoned (-5 -> -9), drained, not resistant to hostile
enchantments, fairly stealthy
A: unfitting armour, claws 3, fast metabolism 3, gourmand, regeneration 2,
shaggy fur 1, tough skin 2
a: no special abilities


You were on level 8 of the Dungeon.
You were not hungry.

You visited 1 branch of the dungeon, and saw 6 of its levels.

You collected 219 gold pieces.

Inventory:

Armour
 a - a +0 robe (worn)
 r - a +0 cloak (worn)
Wands
 n - a wand of fire (5)
Scrolls
 d - a scroll of teleportation
 e - a scroll of remove curse
 o - a scroll of immolation {unknown}
Potions
 f - 2 potions of flight
 g - a potion of cure mutation
 h - a potion of agility
 k - a potion of ambrosia {unknown}
 m - a potion of curing {unknown}
Books
 b - a book of Callings

   Spells                             Type                      Level
   a - Summon Small Mammal            Summoning                    1
   b - Call Imp                       Summoning                    2
   c - Call Canine Familiar           Summoning                    3
   d - Summon Guardian Golem          Hexes/Summoning              3
   e - Summon Lightning Spire         Summoning/Air                4
   f - Summon Ice Beast               Ice/Summoning                4
Comestibles
 c - 5 bread rations
 i - a beef jerky
 l - 2 meat rations
 q - a slice of pizza


   Skills:
 - Level 1.5(1.0) Dodging
 - Level 1.1(0.6) Stealth
 * Level 8.8(8.2) Unarmed Combat
 - Level 1.2(0.7) Spellcasting
 - Level 2.9(2.4) Summonings


You had 7 spell levels left.
You knew the following spells:

 Your Spells              Type           Power        Failure   Level  Hunger
a - Summon Small Mammal   Summ           #...         14%         1    ##.....


Dungeon Overview and Level Annotations

Branches:
Dungeon (8/15)
 Temple: D:4-7         Lair: D:8-11

Altars:
Makhleb
Nemelex Xobeh
Sif Muna
Trog

Annotations:
D:8 1 runed door


Innate Abilities, Weirdness & Mutations

You are too large for most types of armour.
You have claws for hands.
Your metabolism is lightning-fast.
You like to eat raw meat.
You heal very quickly.
You are covered in fur (AC +1).
You have very tough skin (AC +2).


Message History

* * * LOW HITPOINT WARNING * * *
The gnoll sergeant completely misses you.
The gnoll hits you with a whip of draining!
* * * LOW HITPOINT WARNING * * *
You feel drained.
* * * LOW HITPOINT WARNING * * *
Drink which item? (? for menu, Esc to quit)
It was a potion of agility.
You feel agile all of a sudden. The gnoll misses you.
Drink which item? (? for menu, Esc to quit)
It was a potion of poison.
That liquid tasted very nasty...
You are lethally poisoned!
* * * LOW HITPOINT WARNING * * *
You feel sick.
The gnoll sergeant hits you with a trident.
* * * LOW HITPOINT WARNING * * *
The gnoll hits you with a whip of draining.
You die...

#.########.(##..
#.......)...## .
#######.#####
#####8.8# ##...##'##
## #.._..#.#
##.###...##.## #...#
#'##...##+#
#..@###.g.g.....#
#####..gg#..###+###..#
##...##.##g)## ..#
#.....###..## ..
#.._..()....+ .
#.....###..##
##...##.##..##
#####...†#..###+###
#.⌠.###........


You could see a gnoll sergeant and 2 gnolls.

Vanquished Creatures
  2 wraiths (D:8)
  A black bear (D:8)
  2 big kobolds (D:8)
  A scorpion (D:8)
  An iguana (D:4)
  Terence (D:2)
  A worker ant (D:4)
  5 gnolls
  6 adders
  A worm (D:2)
  4 giant geckos
  3 orcs
  3 giant cockroaches
  11 goblins
  3 hobgoblins
  10 jackals
  5 quokkas
  A ball python (D:1)
  13 bats
  8 giant newts
  16 kobolds
  8 rats
106 creatures vanquished.

Notes
Turn   | Place    | Note
--------------------------------------------------------------
     0 | D:1      | inmateoo the Troll Summoner began the quest for the Orb.
     0 | D:1      | Reached XP level 1. HP: 16/16 MP: 1/1
    59 | D:1      | Reached skill level 1 in Unarmed Combat
   224 | D:1      | Reached XP level 2. HP: 19/24 MP: 2/2
   551 | D:1      | Reached XP level 3. HP: 31/31 MP: 3/3
   772 | D:2      | Reached skill level 3 in Unarmed Combat
  1046 | D:2      | Reached XP level 4. HP: 32/39 MP: 4/4
  1220 | D:2      | Reached skill level 4 in Unarmed Combat
  1272 | D:2      | Noticed Terence
  1284 | D:2      | Killed Terence
  1547 | D:3      | Found a bloodstained altar of Trog.
  1573 | D:3      | Reached XP level 5. HP: 38/45 MP: 5/5
  1747 | D:3      | Reached skill level 5 in Unarmed Combat
  2597 | D:4      | Found a deep blue altar of Sif Muna.
  2640 | D:5      | Entered Level 5 of the Dungeon
  2640 | D:5      | Noticed an ogre
  2664 | D:5      | You fall through a shaft for 3 floors!
  2672 | D:8      | Noticed a black bear
  2681 | D:8      | Killed a black bear
  2681 | D:8      | Reached skill level 6 in Unarmed Combat
  2681 | D:8      | Reached XP level 6. HP: 45/53 MP: 6/6
  2734 | D:8      | Found a burning altar of Makhleb.
  2743 | D:8      | Noticed a wraith
  2755 | D:8      | Killed a wraith
  2755 | D:8      | Reached skill level 7 in Unarmed Combat
  2755 | D:8      | Reached XP level 7. HP: 34/59 MP: 7/7
  2802 | D:8      | Found a sparkling altar of Nemelex Xobeh.
  2829 | D:8      | Found a runed door.
  2831 | D:8      | Noticed a wraith
  2835 | D:8      | Reached skill level 8 in Unarmed Combat
  2847 | D:8      | Killed a wraith
  2910 | D:8      | HP: 1/59 [gnoll sergeant/trident (2)]
  2910 | D:8      | Slain by a gnoll

Action                   |  1- 3 |  4- 6 |  7- 9 || total
-------------------------+-------+-------+-------++-------
Melee: Unarmed           |   111 |   195 |    35 ||   341
  Use: Scroll            |       |     9 |       ||     9
       Potion            |       |       |     2 ||     2
 Stab: Sleeping          |     1 |     4 |       ||     5
  Eat: Chunk             |    15 |    11 |       ||    26
